 Dungeon Crawl Stone Soup version 0.31-a0-1074-g0b22e4e0f1 (webtiles) character file.

Game seed: 1465801482785196346

189 DApurpleWHUMPUS the Conjurer (level 6, -7/41 HPs)
             Began as a Human Conjurer on Dec 5, 2023.
             Killed from afar by a white imp (11 damage)
             ... with a puff of frost
             ... on level 3 of the Dungeon.
             The game lasted 00:03:35 (2956 turns).

DApurpleWHUMPUS the Conjurer (Human Conjurer)       Turns: 2956, Time: 00:03:36

Health: -7/41      AC:  3    Str:  7    XL:     6   Next: 0%
Magic:  4/11       EV: 12    Int: 21    God:
Gold:   98         SH:  0    Dex: 11    Spells: 6/12 levels left

rFire   . . .        e - +1 dagger (venom)
rCold   . . .        (no shield)
rNeg    . . .        a - +0 robe
rPois   .            (no helmet)
rElec   .            (no cloak)
rCorr   .            n - +0 pair of gloves
SInv    .            (no boots)
Will    .....        (no amulet)
Stlth   ++           (no ring)
HPRegen 0.26/turn    (no ring)
MPRegen 0.12/turn

%: no passive effects
@: brilliant
A: no striking features
a: no special abilities


You were on level 3 of the Dungeon.
You visited 1 branch of the dungeon, and saw 3 of its levels.

You collected 98 gold pieces.

Inventory:

Hand Weapons
 e - a +1 dagger of venom (weapon)
Armour
 a - a +0 robe (worn)
 n - a +0 pair of gloves (worn)
Jewellery
 k - a ring of protection from fire
Talismans
 h - a maw talisman
Scrolls
 c - 5 scrolls of identify {unknown}
 g - a scroll of noise {unknown}
 i - a scroll of fear {unknown}
 o - a scroll of acquirement {unknown}
 q - a scroll of teleportation {unknown}
 s - a scroll of silence {unknown}
 t - a scroll of blinking {unknown}
Potions
 b - a potion of magic
 f - a potion of lignification {unknown}
 j - a potion of might {unknown}
 l - a potion of heal wounds {unknown}
 m - a potion of degeneration {unknown}
 p - a potion of mutation {unknown}
 r - 2 potions of enlightenment {unknown}


   Skills:
 + Level 3.0 Dodging
 - Level 2.0 Stealth
 * Level 3.5 Spellcasting
 * Level 5.1 Conjurations
 + Level 1.1 Summonings


You had 6 spell levels left.
You knew the following spells:

 Your Spells              Type           Power      Damage    Failure   Level
a - Magic Dart            Conj           100%       1d8       1%          1
b - Searing Ray           Conj           74%        2d7       2%          2
c - Call Canine Familiar  Summ           12%        N/A       24%         3

Your spell library contained the following spells:

 Spells                   Type           Power      Damage    Failure   Level
 Dazzling Flash           Conj/Hex       42%        N/A       13%         3
 Sublimation of Blood     Necr           5%         N/A       19%         2
 Wereblood                Tmut           5%         N/A       19%         2
 Sigil of Binding         Hex            5%         N/A       36%         3
 Fulminant Prism          Conj/Hex       10%        3d9       41%         4
 Iskenderun's Mystic Bla  Conj/Tloc      21%        2d6       41%         4
 Dimensional Bullseye     Hex/Tloc       2%         N/A       77%         4
 Leda's Liquefaction      Hex/Erth       2%         N/A       77%         4
 Summon Hydra             Summ           6%         N/A       100%        7


Dungeon Overview and Level Annotations

Branches:
Dungeon (3/15)

Altars:
Trog


Message History

The white imp gestures at you. The puff of frost hits you!
The magic dart hits the white imp.
The white imp is severely wounded.
The white imp misses you.
You closely miss the white imp.
The white imp is severely wounded.
The white imp gestures at you. The puff of frost hits you.
You closely miss the white imp.
The white imp is severely wounded.
The white imp hits you but does no damage.
You hit the white imp but do no damage.
The white imp is severely wounded.
The white imp gestures at you. The puff of frost hits you!
You are too injured to fight recklessly!
You are too injured to fight recklessly!
You hit the white imp but do no damage.
The white imp is severely wounded.
The white imp gestures at you. The puff of frost hits you!
* * * LOW HITPOINT WARNING * * *
You barely miss the white imp.
The white imp is severely wounded.
The white imp barely misses you.
You hit the white imp but do no damage.
The white imp is severely wounded.
The white imp hits you.
* * * LOW HITPOINT WARNING * * *
The white imp freezes you.
* * * LOW HITPOINT WARNING * * *
You closely miss the white imp.
The white imp is severely wounded.
The white imp hits you but does no damage.
It was a potion of brilliance.
You feel clever all of a sudden. The white imp gestures at you.
The puff of frost hits you!
You die...

#...<.....####....
#..............#.#
#.#...########.#<.
#.#...########.#.#
###[..#........)..
##...## ######)#.#
##...## ##....
##...## #.....
##..@## # ##...#.
##...#5# #..
#..รท.> #.).###..
####.##.#.#. #._.#
..##...........
#####
####.####.#.#.
#...........
#...###...#. #...#
#.....
#.####.).#####..#


You could see a white imp.

Vanquished Creatures
  Natasha (thrice) (D:3)
  A gnoll (D:3)
  2 adders
  3 worms
  6 dart slugs
  2 orcs (D:3)
  5 endoplasms
  2 giant cockroaches
  5 hobgoblins
  4 jackals
  A quokka (D:2)
  6 ball pythons
  4 bats
  5 frilled lizards
  6 goblins
  7 kobolds
  6 rats
68 creatures vanquished.

Notes
Turn   | Place    | Note
-------+----------+-------------------------------------------
     0 | D:1      | DApurpleWHUMPUS the Human Conjurer began the quest for the
                  | Orb.
     0 | D:1      | Reached XP level 1. HP: 13/13 MP: 3/3
   192 | D:1      | Reached XP level 2. HP: 4/19 MP: 1/5
   502 | D:1      | Reached XP level 3. HP: 20/24 MP: 0/6
  1350 | D:2      | Reached XP level 4. HP: 30/30 MP: 2/8
  1904 | D:2      | Learned a level 2 spell: Searing Ray
  1908 | D:2      | Learned a level 3 spell: Call Canine Familiar
  2191 | D:3      | Found a faded altar of an unknown god.
  2362 | D:3      | Noticed Natasha
  2369 | D:3      | Killed Natasha
  2370 | D:3      | Reached XP level 5. HP: 31/35 MP: 1/9
  2529 | D:3      | Noticed Natasha
  2532 | D:3      | Killed Natasha
  2533 | D:3      | Reached skill level 5 in Conjurations
  2729 | D:3      | Noticed Natasha
  2739 | D:3      | Killed Natasha
  2740 | D:3      | Reached skill level 1 in Summonings
  2926 | D:3      | Reached XP level 6. HP: 41/41 MP: 4/11
  2927 | D:3      | Found a bloodstained altar of Trog.
  2956 | D:3      | Killed from afar by a white imp

Illustrated notes

Levels and vault maps discovered:
D:1:      wander_arrival_abandoned_jail, layout_loops_ring
D:2:      layout_loops_ring
D:3:      layout_loops_ring, nzn_overflow_gifts_of_might_and_magic,
          hellmonk_ecumenical_altar_lost_god, st_stairs_2, uniq_natasha

Skill      XL: |  1  2  3  4  5 |
---------------+----------------+-----
Spellcasting   | 3 |  3.5
Conjurations   | 5 |  5.1
Dodging        | 3 |  3.0
Summonings     | 1 |  1.1
Stealth        | |  2.0

Action                     |  1- 3 |  4- 6 || total
---------------------------+-------+-------++-------
  Melee: Unarmed           |    23 |       ||    23
         Dagger            |    28 |    12 ||    40
   Cast: Magic Dart        |    56 |    88 ||   144
    Use: Potion            |       |     1 ||     1
   Stab: Sleeping          |     1 |       ||     1
 Armour: Robe              |    28 |    18 ||    46
  Dodge: Dodged            |    34 |     8 ||    42

Table legend: (Time is in decaauts)
 A = Elapsed time spent in this place.
 B = Non-inter-level travel time spent in this place.
 C = Inter-level travel time spent in this place.
 D = Time resting spent in this place.
 E = Time spent auto-exploring this place.
 F = Levels seen in this place.
 G = Mean time per level.
                   A        B        C        D        E       F      G
               +--------+--------+--------+--------+--------+-----+--------+
         Total |   2964 |   2903 |     61 |    201 |   2317 |   3 |  988.0 |
       Dungeon |   2964 |   2903 |     61 |    201 |   2317 |   3 |  988.0 |
               +--------+--------+--------+--------+--------+-----+--------+

Top non-repeatable levels by time:
     D:1: 1060 daAuts
     D:2: 954 daAuts
     D:3: 948 daAuts
